[Event "Titled Tuesday Blitz August 31 2021"]
[White "Ivanchuk, Vasyl"]
[Black "Holt, Conrad"]
[WhiteFideId "14100010"]
[BlackFideId "2034387"]
[WhiteElo "2710"]
[BlackElo "2586"]
[Result "1-0"]
[Round "07"]
[TimeControl "180+1"]
[Date "2021.08.31"]
[WhiteClock "0:00:16"]
[BlackClock "0:00:01"]

1. d4 d5 2. c4 c6 3. Nf3 Nf6 4. Nc3 dxc4 5. a4 Bf5 6. e3 e6 7. Bxc4 Bb4 8. O-O O-O 9. Nh4 Bg4 10. f3 Bh5 11. g4 Nd5 12. Ng2 Bg6 13. Na2 Be7 14. e4 Nb6 15. Bb3 c5 16. a5 Nc8 17. d5 Qxa5 18. Be3 Qb6 19. Nc3 Rd8 20. h4 h6 21. Qc2 Na6 22. Nf4 Nb4 23. Qe2 e5 24. Na4 Qf6 25. Nxg6 Qxg6 26. Nxc5 Bxh4 27. Nxb7 Rd7 28. Qb5 Nb6 29. Nc5 Rc7 30. Qxb4 h5 31. Qd2 hxg4 32. Qg2 g3 33. Nd3 Bg5 34. Rae1 Bxe3+ 35. Rxe3 Rac8 36. Nxe5 Qh6 37. f4 Rc1 38. Rxg3 Rxf1+ 39. Qxf1 Qh4 40. Rg2 1-0


[Site "https://www.chess.com"]

[Event "Titled Tuesday Blitz August 31 2021"]
[White "Janaszak, Dawid"]
[Black "Tristan, Leonardo"]
[WhiteFideId "1119206"]
[BlackFideId "113816"]
[WhiteElo "2332"]
[BlackElo "2404"]
[Result "0-1"]
[Round "07"]
[TimeControl "180+1"]
[Date "2021.08.31"]
[WhiteClock "0:00:04"]
[BlackClock "0:00:26"]

1. d4 d5 2. Bf4 Nf6 3. Nf3 c5 4. e3 Nc6 5. Nbd2 e6 6. c3 Be7 7. Bd3 Nh5 8. Bg3 g6 9. Ne5 Nxg3 10. hxg3 Nxe5 11. dxe5 Qc7 12. f4 c4 13. Bc2 Qb6 14. Ba4+ Kf8 15. O-O Qxe3+ 16. Kh2 h5 17. Rf3 Qb6 18. b3 h4 19. g4 Qc7 20. g5 a6 21. bxc4 dxc4 22. Bc2 b5 23. Be4 Bb7 24. Qe2 Rd8 25. Bxb7 Qxb7 26. Ne4 Kg7 27. a4 Qc6 28. axb5 axb5 29. Nf6 b4 30. cxb4 Bxb4 31. Qb2 h3 32. Qxb4 hxg2+ 33. Kxg2 Rh2+ 34. Kxh2 Qxf3 35. Ne8+ Rxe8 0-1


[Site "https://www.chess.com"]

[Event "Titled Tuesday Blitz August 31 2021"]
[White "Jaracz, Pawel"]
[Black "Pastar, Slaven"]
[WhiteFideId "1102222"]
[BlackFideId "14402718"]
[WhiteElo "2678"]
[BlackElo "2517"]
[Result "1-0"]
[Round "07"]
[TimeControl "180+1"]
[Date "2021.08.31"]
[WhiteClock "0:01:25"]
[BlackClock "0:00:02"]

1. e4 b6 2. d4 Bb7 3. Bd3 Nf6 4. Nd2 e6 5. Ne2 d5 6. e5 Nfd7 7. c3 c5 8. O-O Nc6 9. Nf3 a5 10. Nf4 Be7 11. g3 Ba6 12. Bxa6 Rxa6 13. h4 b5 14. Qe2 Rb6 15. Ng5 Nf8 16. Nh5 Rg8 17. Be3 c4 18. b3 h6 19. Nf3 g6 20. Nf4 g5 21. hxg5 hxg5 22. Nh5 Kd7 23. bxc4 bxc4 24. Rab1 a4 25. Nh2 Rh8 26. Qf3 Rh7 27. Nf6+ Bxf6 28. exf6 g4 29. Nxg4 Rxb1 30. Rxb1 Ng6 31. Qd1 Rh5 32. Qxa4 Rf5 33. Rb7+ 1-0


[Site "https://www.chess.com"]

[Event "Titled Tuesday Blitz August 31 2021"]
[White "Jobava, Baadur"]
[Black "Jarovinsky, Alexey"]
[WhiteFideId "13601520"]
[BlackFideId "14115131"]
[WhiteElo "2748"]
[BlackElo "2446"]
[Result "1-0"]
[Round "07"]
[TimeControl "180+1"]
[Date "2021.08.31"]
[WhiteClock "0:00:11"]
[BlackClock "0:00:02"]

1. e4 Nc6 2. Nc3 e6 3. Nf3 Bb4 4. Be2 d5 5. O-O Bxc3 6. dxc3 dxe4 7. Qxd8+ Nxd8 8. Ng5 Nf6 9. Rd1 Nc6 10. h4 e5 11. b3 h6 12. Nh3 Bxh3 13. gxh3 O-O 14. Be3 b6 15. a4 Ne7 16. a5 Nf5 17. Bc1 Nxh4 18. Ba3 Rfd8 19. Bb5 Nf3+ 20. Kf1 Nd5 21. Bb2 Ne7 22. Ke2 c6 23. Ba6 b5 24. Bb7 Rab8 25. a6 f5 26. Kf1 Kf7 27. Ba3 Ke6 28. Bc5 Rxd1+ 29. Rxd1 Nd5 30. Bxa7 Rf8 31. Bc5 Rd8 32. Ra1 Nxc3 33. a7 f4 34. a8=Q Rxa8 35. Bxa8 Nd2+ 36. Kg2 f3+ 37. Kh2 Ne2 38. Bxc6 e3 39. Bxe3 1-0


[Site "https://www.chess.com"]

[Event "Titled Tuesday Blitz August 31 2021"]
[White "Kamsky, Gata"]
[Black "Mikhailovsky, Vladimir"]
[WhiteFideId "2000024"]
[BlackFideId "34105414"]
[WhiteElo "2644"]
[BlackElo "2315"]
[Result "1-0"]
[Round "07"]
[TimeControl "180+1"]
[Date "2021.08.31"]
[WhiteClock "0:01:20"]
[BlackClock "0:00:02"]

1. e4 e5 2. Nf3 d5 3. exd5 e4 4. Qe2 Nf6 5. Nc3 Be7 6. Nxe4 O-O 7. Nxf6+ Bxf6 8. d4 Qxd5 9. Qc4 Re8+ 10. Be3 Qa5+ 11. c3 Qh5 12. Qxc7 Nc6 13. Bd3 Bg4 14. Qg3 Rad8 15. O-O Ne7 16. h3 Bf5 17. Bb5 Rf8 18. Bg5 Bg6 19. Rfe1 Nd5 20. Bc4 Nb6 21. Bb3 a5 22. a3 a4 23. Ba2 Kh8 24. Qf4 Nd5 25. Bxd5 Rxd5 26. Bxf6 gxf6 27. Qxf6+ Kg8 28. Re5 Rxe5 29. Nxe5 Qe2 30. Ng4 h5 31. Qe5 Qxb2 32. Nf6+ 1-0


[Site "https://www.chess.com"]

[Event "Titled Tuesday Blitz August 31 2021"]
[White "Karttunen, Mika"]
[Black "Nilsen, Tobias Lang"]
[WhiteFideId "502081"]
[BlackFideId "1521624"]
[WhiteElo "2343"]
[BlackElo "1975"]
[Result "1-0"]
[Round "07"]
[TimeControl "180+1"]
[Date "2021.08.31"]
[WhiteClock "0:00:03"]
[BlackClock "0:00:01"]

1. c4 c5 2. Nf3 g6 3. e3 Bg7 4. d4 Nf6 5. Nc3 O-O 6. Be2 cxd4 7. exd4 d5 8. O-O Nc6 9. cxd5 Nxd5 10. h3 Bf5 11. Be3 Rc8 12. Rc1 Nxc3 13. Rxc3 Nb4 14. Qb3 Qd6 15. Rfc1 Nd5 16. Rxc8 Bxc8 17. Bc4 Be6 18. Qxb7 Nxe3 19. fxe3 Bh6 20. Qb3 Rb8 21. Qc3 Bxc4 22. Qxc4 Bxe3+ 23. Kh1 Bxc1 24. Qxc1 Rd8 25. Qh6 Qf6 26. b3 Rc8 27. Qe3 e6 28. h4 Rd8 29. a4 Qe7 30. Qh6 Qf8 31. Qg5 Rd5 32. Qe3 Qd6 33. Kg1 Qc6 34. Kh2 Qc2 35. b4 Qf5 36. b5 Qg4 37. Kg1 Qf5 38. Qc3 Kg7 39. Kh2 Qe4 40. Kg1 Rf5 41. Kf2 h6 42. d5+ e5 43. d6 Qxh4+ 44. Ke2 Qe4+ 45. Qe3 Qc4+ 46. Qd3 Qa2+ 47. Nd2 e4 48. Qd4+ Rf6 49. d7 Qe6 50. d8=Q Qg4+ 51. Ke1 h5 52. Qe3 1-0


[Site "https://www.chess.com"]

[Event "Titled Tuesday Blitz August 31 2021"]
[White "Khoroshev, Nikita"]
[Black "Reprintsev, Alexander"]
[WhiteFideId "14200287"]
[BlackFideId "14100541"]
[WhiteElo "2328"]
[BlackElo "2126"]
[Result "1-0"]
[Round "07"]
[TimeControl "180+1"]
[Date "2021.08.31"]
[WhiteClock "0:00:03"]
[BlackClock "0:00:20"]

1. e4 d5 2. exd5 Qxd5 3. Nc3 Qa5 4. d4 Nf6 5. Bc4 Bg4 6. f3 Be6 7. Bxe6 fxe6 8. Qe2 Nc6 9. Be3 Nd5 10. Qd2 O-O-O 11. Nge2 g6 12. Nxd5 Qxd2+ 13. Kxd2 exd5 14. Nf4 e5 15. dxe5 d4 16. Bf2 Bb4+ 17. Ke2 Nxe5 18. Rhd1 Rhe8 19. Kf1 c5 20. Nd3 Nxd3 21. cxd3 Kd7 22. Rac1 Rc8 23. Rc4 Ba5 24. Rdc1 b6 25. R1c2 Re5 26. Bxd4 Rd5 27. Bc3 b5 28. Rh4 Bxc3 29. Rxh7+ Kc6 30. Rxc3 b4 31. Rc4 Rxd3 32. Rg7 Rd6 33. Rg4 Kb5 34. R7xg6 Rxg6 35. Rxg6 c4 36. Rg5+ Ka4 37. Rg7 a5 38. Ke2 b3 39. axb3+ Kxb3 40. Rb7+ Kc2 41. f4 a4 42. f5 Re8+ 43. Kf3 c3 44. bxc3 a3 45. Ra7 Kb2 46. g4 a2 47. g5 Rc8 48. Rxa2+ Kxa2 49. f6 Kb3 50. Kg4 Kc4 51. Kf5 Kd5 52. g6 Rxc3 53. g7 Rf3+ 54. Kg6 Ke5 55. g8=Q Rxf6+ 56. Kg7 Rf5 57. Qe8+ Kf4 58. Qa4+ Kg5 59. Qd4 Rf4 60. Qe5+ Rf5 61. Qe7+ Kh5 62. h4 Ra5 63. Kh7 Ra4 64. Qe8+ 1-0


[Site "https://www.chess.com"]

[Event "Titled Tuesday Blitz August 31 2021"]
[White "Krysa, Leandro"]
[Black "Martinovsky, Ian"]
[WhiteFideId "116807"]
[BlackFideId "2603314"]
[WhiteElo "2490"]
[BlackElo "2245"]
[Result "1-0"]
[Round "07"]
[TimeControl "180+1"]
[Date "2021.08.31"]
[WhiteClock "0:02:05"]
[BlackClock "0:02:29"]

1. e4 g6 2. d4 Bg7 3. Nf3 d6 4. Bc4 e6 5. Bb3 Ne7 6. O-O Nd7 7. Re1 O-O 8. Nbd2 a5 9. a4 c5 10. c3 b6 11. Nf1 Bb7 12. Ng3 Rc8 13. h4 c4 14. Bc2 e5 15. h5 exd4 16. Nxd4 Ne5 17. hxg6 fxg6 18. Ne6 Qd7 19. Nxf8 Rxf8 20. Be3 Ng4 21. Qe2 Be5 22. Nf1 d5 23. Rad1 Qc7 24. Qxg4 1-0


[Site "https://www.chess.com"]

[Event "Titled Tuesday Blitz August 31 2021"]
[White "Kucuksari, Kaan"]
[Black "Krivonosov, Oleg"]
[WhiteFideId "6380166"]
[BlackFideId "11600349"]
[WhiteElo "2300"]
[BlackElo "2469"]
[Result "0-1"]
[Round "07"]
[TimeControl "180+1"]
[Date "2021.08.31"]
[WhiteClock "0:00:43"]
[BlackClock "0:00:22"]

1. d4 d5 2. Nf3 Nf6 3. c4 e6 4. Nc3 Be7 5. e3 O-O 6. Bd3 dxc4 7. Bxc4 a6 8. O-O c5 9. a4 cxd4 10. Qxd4 Nc6 11. Qxd8 Rxd8 12. Rd1 Bd7 13. b3 Na5 14. Ne5 Be8 15. Ba3 Rxd1+ 16. Nxd1 Bxa3 17. Rxa3 Rd8 18. Ra1 Nd7 19. Nxd7 Bxd7 20. Nb2 Bc6 21. Kf1 Rd2 22. Rb1 Be4 23. Rd1 Rxd1+ 24. Nxd1 Nxc4 25. bxc4 Bd3+ 26. Ke1 Bxc4 27. Kd2 b6 28. Kc3 Bf1 29. g3 Kf8 30. Kb4 a5+ 31. Kc3 Ke7 32. e4 Kd6 33. Ne3 Ba6 34. Kd4 e5+ 35. Kc3 g6 36. Nd5 Kc5 37. Nf6 Bb7 38. Nd7+ Kd6 39. Nxb6 Bxe4 40. Nc4+ Kc5 41. Nxa5 Bd5 42. g4 f5 43. g5 f4 44. h3 e4 45. h4 f3 0-1


[Site "https://www.chess.com"]

[Event "Titled Tuesday Blitz August 31 2021"]
[White "Kuzubov, Yuriy"]
[Black "Sargsyan, Anna M."]
[WhiteFideId "14112906"]
[BlackFideId "13308130"]
[WhiteElo "2834"]
[BlackElo "2594"]
[Result "1-0"]
[Round "07"]
[TimeControl "180+1"]
[Date "2021.08.31"]
[WhiteClock "0:01:05"]
[BlackClock "0:01:00"]

1. e4 c6 2. Nc3 d5 3. Nf3 Bg4 4. h3 Bxf3 5. Qxf3 Nf6 6. d3 e6 7. Bd2 Nbd7 8. g3 Bb4 9. Bg2 O-O 10. Qe2 e5 11. O-O Bxc3 12. Bxc3 Re8 13. Rad1 Qb6 14. b3 a5 15. a4 Qc7 16. Bb2 h6 17. Kh1 Rad8 18. Qe3 Nf8 19. f4 exf4 20. Qxf4 Qxf4 21. gxf4 Nh5 22. Kh2 g5 23. fxg5 hxg5 24. Rf5 Nf4 25. Rxg5+ N8g6 26. Re1 Kf8 27. Bf3 Nh4 28. Ba3+ Re7 29. Bg4 f6 30. exd5 Nxd5 31. Rxd5 Rxd5 32. Rxe7 1-0


[Site "https://www.chess.com"]

[Event "Titled Tuesday Blitz August 31 2021"]
[White "Le, Tuan Minh"]
[Black "Kollars, Dmitrij"]
[WhiteFideId "12401153"]
[BlackFideId "12909572"]
[WhiteElo "2450"]
[BlackElo "2576"]
[Result "1-0"]
[Round "07"]
[TimeControl "180+1"]
[Date "2021.08.31"]
[WhiteClock "0:00:35"]
[BlackClock "0:00:11"]

1. d4 d5 2. Nf3 Nf6 3. Bf4 c5 4. c3 cxd4 5. cxd4 Nc6 6. Nc3 Bf5 7. Qb3 Na5 8. Qa4+ Bd7 9. Qc2 e6 10. e3 Rc8 11. Bd3 Bb4 12. O-O O-O 13. Ne5 h6 14. Rac1 a6 15. Qe2 Bxc3 16. bxc3 b5 17. Qf3 Nc4 18. Rfe1 Nxe5 19. Bxe5 Bc6 20. Qg3 Nh5 21. Qg4 Nf6 22. Qg3 Nh5 23. Qh3 Nf6 24. f3 Nd7 25. Bf4 Re8 26. Qg3 Qf6 27. Qg4 e5 28. Bg3 g6 29. Bf2 Kg7 30. e4 Qe6 31. Qh4 dxe4 32. fxe4 Bb7 33. Be3 h5 34. d5 Qe7 35. Qg3 Qa3 36. Rf1 Rxc3 37. Rxc3 Qxc3 38. Bxb5 Qc7 39. Bxd7 Qxd7 40. Bg5 Qg4 41. Bf6+ Kg8 42. Qe3 Bc8 43. Qh6 1-0


[Site "https://www.chess.com"]

[Event "Titled Tuesday Blitz August 31 2021"]
[White "Leitao, Rafael"]
[Black "Prraneeth Vuppala"]
[WhiteFideId "2101246"]
[BlackFideId "46622373"]
[WhiteElo "2696"]
[BlackElo "2552"]
[Result "1-0"]
[Round "07"]
[TimeControl "180+1"]
[Date "2021.08.31"]
[WhiteClock "0:00:43"]
[BlackClock "0:00:16"]

1. c4 e5 2. Nc3 Nf6 3. Nf3 Nc6 4. e4 Bc5 5. Nxe5 Nxe5 6. d4 Bb4 7. dxe5 Nxe4 8. Qf3 Nxc3 9. bxc3 Be7 10. Qg3 Kf8 11. Bd3 d6 12. Bf4 g5 13. Be3 dxe5 14. Rd1 Bf6 15. h4 Qe7 16. hxg5 Bg7 17. Be4 Be6 18. Bxb7 Rb8 19. Qf3 e4 20. Qxe4 Bxc3+ 21. Kf1 Qb4 22. Bd5 Re8 23. Rxh7 Rxh7 24. Qxh7 Bxd5 25. cxd5 Qa4 26. Bc5+ Re7 27. Bxe7+ Kxe7 28. Qd3 Be5 29. Re1 1-0


[Site "https://www.chess.com"]

[Event "Titled Tuesday Blitz August 31 2021"]
[White "Liyanage, Ranindu Dilshan"]
[Black "LEGENYA1998"]
[WhiteFideId "9915834"]
[WhiteElo "1839"]
[BlackElo "2422"]
[Result "1-0"]
[Round "07"]
[TimeControl "180+1"]
[Date "2021.08.31"]
[WhiteClock "0:01:00"]
[BlackClock "0:00:03"]

1. e4 g6 2. d4 Bg7 3. Nc3 c6 4. f4 d5 5. e5 h5 6. Bd3 Bg4 7. Nf3 Nh6 8. h3 Bxf3 9. Qxf3 e6 10. g3 Nf5 11. Ne2 Nd7 12. c3 Qb6 13. Rg1 c5 14. g4 hxg4 15. hxg4 Ne7 16. Be3 cxd4 17. Bxd4 Nc5 18. b4 Nxd3+ 19. Qxd3 Qc7 20. O-O-O a5 21. b5 Rc8 22. Kb1 Qc4 23. Qxc4 dxc4 24. Rh1 Nd5 25. Rxh8+ Bxh8 26. Rf1 Kd7 27. a4 Bg7 28. f5 gxf5 29. gxf5 Rh8 30. Ng3 Rh3 31. Ne4 exf5 32. Rxf5 Rh1+ 33. Kc2 Rh2+ 34. Kd1 Rh1+ 35. Ke2 Ke6 36. Rf2 b6 37. Ng5+ 1-0


[Site "https://www.chess.com"]

[Event "Titled Tuesday Blitz August 31 2021"]
[White "Maghsoodloo, Parham"]
[Black "Timmermans, Mark"]
[WhiteFideId "12539929"]
[BlackFideId "1026399"]
[WhiteElo "2601"]
[BlackElo "2460"]
[Result "1-0"]
[Round "07"]
[TimeControl "180+1"]
[Date "2021.08.31"]
[WhiteClock "0:01:14"]
[BlackClock "0:00:08"]

1. e4 e5 2. Nf3 Nc6 3. Bb5 f5 4. d4 fxe4 5. Bxc6 dxc6 6. Nxe5 Nf6 7. Nc3 Bd6 8. O-O Qe7 9. Bg5 Bf5 10. Bxf6 Qxf6 11. f4 exf3 12. Qxf3 O-O 13. Qe2 Rae8 14. Rae1 Qe6 15. Qd2 Qc8 16. Nc4 Bb4 17. a3 Be6 18. Ne5 Bd6 19. Ne4 Rxf1+ 20. Rxf1 Bxe5 21. dxe5 Bc4 22. Qg5 Bxf1 23. Nf6+ Kh8 24. Nxe8 Qxe8 25. Kxf1 h6 26. Qf5 Kg8 27. Ke2 c5 28. e6 Qf8 29. g4 b6 30. h4 Qe7 31. g5 c6 32. g6 Qe8 33. h5 b5 34. Kf3 Qe7 35. Qf7+ 1-0


[Site "https://www.chess.com"]

[Event "Titled Tuesday Blitz August 31 2021"]
[White "Martin Carmona, Gaston Manuel"]
[Black "Solon, Nathan"]
[WhiteFideId "22284567"]
[BlackFideId "2017229"]
[WhiteElo "2161"]
[BlackElo "2654"]
[Result "0-1"]
[Round "07"]
[TimeControl "180+1"]
[Date "2021.08.31"]
[WhiteClock "0:00:08"]
[BlackClock "0:00:34"]

1. c4 Nf6 2. g3 e6 3. Bg2 d5 4. Nf3 Be7 5. d4 O-O 6. O-O a5 7. Qc2 c6 8. Nbd2 b6 9. e4 Bb7 10. b3 Na6 11. a3 Rc8 12. Bb2 c5 13. exd5 exd5 14. Qf5 g6 15. Qh3 Rc7 16. Ne5 Re8 17. Rad1 cxd4 18. Bxd4 Bc5 19. Bxc5 Nxc5 20. f4 Qe7 21. Qh4 Nce4 22. Nxe4 dxe4 23. Rfe1 Kg7 24. g4 Qxa3 25. g5 Nh5 26. Bxe4 Bxe4 27. Rxe4 Qxb3 28. Red4 Qe3+ 29. Qf2 Qxf2+ 30. Kxf2 f6 31. Rd7+ Re7 32. Rxe7+ Rxe7 33. Nc6 Rc7 34. Nd8 Nxf4 35. Rd4 fxg5 36. Rxf4 gxf4 37. Ne6+ Kf6 38. Nxc7 Ke5 39. Nb5 g5 40. Kf3 h5 41. h3 a4 42. Na3 Kd4 43. h4 g4+ 44. Kxf4 Kc3 45. Kg3 Kb2 46. Nb5 a3 0-1


[Site "https://www.chess.com"]

[Event "Titled Tuesday Blitz August 31 2021"]
[White "Martin Duque, Jesus"]
[Black "Cunha, Lucas Aguiar"]
[WhiteFideId "2208954"]
[BlackFideId "2125404"]
[WhiteElo "2224"]
[BlackElo "2361"]
[Result "1-0"]
[Round "07"]
[TimeControl "180+1"]
[Date "2021.08.31"]
[WhiteClock "0:01:40"]
[BlackClock "0:01:10"]

1. Nf3 d5 2. b3 c5 3. e3 a6 4. Bb2 Nc6 5. g3 Nf6 6. Bg2 Bg4 7. h3 Bh5 8. g4 Bg6 9. d3 Qc7 10. Nh4 e5 11. Nxg6 hxg6 12. g5 Nh5 13. Bxd5 O-O-O 14. Bg2 Be7 15. Nd2 Bxg5 16. Qg4+ f5 17. Qxg5 Ne7 18. O-O-O Nf6 19. Bf3 Rh6 20. Nc4 Nc6 21. Bxc6 Qxc6 22. Nxe5 Qe8 23. Rhg1 Nh7 24. Qg2 Nf8 25. f4 Rd6 26. Nc4 Re6 27. Bxg7 Rh7 28. Be5 Qd8 29. d4 1-0


[Site "https://www.chess.com"]

[Event "Titled Tuesday Blitz August 31 2021"]
[White "Materia, Marco"]
[Black "Brunello, Marina"]
[WhiteFideId "45150451"]
[BlackFideId "822590"]
[WhiteElo "2668"]
[BlackElo "2328"]
[Result "0-1"]
[Round "07"]
[TimeControl "180+1"]
[Date "2021.08.31"]
[WhiteClock "0:00:10"]
[BlackClock "0:00:17"]

1. d4 d5 2. c4 c6 3. Nf3 Nf6 4. Nc3 e6 5. Bg5 h6 6. Bh4 g5 7. Bg3 dxc4 8. a4 Bb4 9. e3 Qa5 10. Bxc4 Bxc3+ 11. bxc3 Qxc3+ 12. Nd2 Nbd7 13. Rc1 Qa5 14. O-O h5 15. h4 Qf5 16. Nf3 g4 17. Ng5 Rg8 18. f3 gxf3 19. Rxf3 Qg4 20. Qd3 b6 21. Rcf1 Bb7 22. Kh2 Rxg5 23. hxg5 Qxg5 24. Bf4 Qh4+ 25. Rh3 Qg4 26. Rff3 h4 27. e4 c5 28. d5 exd5 29. exd5 O-O-O 30. a5 Rg8 31. Rf2 Qh5 32. Kg1 Nxd5 33. Bh2 N7f6 34. axb6 axb6 35. Rhf3 Ng4 36. Rf5 Nxf2 37. Kxf2 Rxg2+ 38. Kxg2 Nf4+ 39. Kf1 Bg2+ 40. Kg1 Qg6 41. Ba6+ Bb7+ 42. Kf2 Nxd3+ 43. Bxd3 Qg2+ 44. Ke3 Qxh2 45. Rxf7 Qe5+ 46. Kd2 Qg5+ 47. Kc2 Kb8 48. Rf8+ Ka7 49. Rf7 Qg2+ 50. Kc3 h3 51. Rf1 Qxf1 52. Bxf1 h2 0-1


[Site "https://www.chess.com"]

[Event "Titled Tuesday Blitz August 31 2021"]
[White "Mokshanov, Alexey"]
[Black "Buscar, Michael"]
[WhiteFideId "24121657"]
[BlackFideId "2603616"]
[WhiteElo "2262"]
[BlackElo "2010"]
[Result "1-0"]
[Round "07"]
[TimeControl "180+1"]
[Date "2021.08.31"]
[WhiteClock "0:01:43"]
[BlackClock "0:01:35"]

1. e4 c5 2. Nf3 Nc6 3. Bb5 Nf6 4. Bxc6 dxc6 5. Nc3 g6 6. O-O Bg7 7. h3 O-O 8. d3 Ne8 9. Be3 b6 10. Qd2 Nc7 11. Bh6 Ne6 12. Bxg7 Kxg7 13. Ne2 Nd4 14. Nexd4 cxd4 15. c3 dxc3 16. Qxc3+ Kg8 17. d4 Ba6 18. Rfe1 Bb7 19. Rad1 Rc8 20. Ne5 Qc7 21. Ng4 f6 22. Ne3 Kg7 23. Rd2 Qf4 24. f3 Rfd8 25. Qa3 Qc7 26. Rc1 Qb8 27. Qxe7+ Kg8 28. Ng4 Qd6 29. Nxf6+ 1-0


[Site "https://www.chess.com"]

[Event "Titled Tuesday Blitz August 31 2021"]
[White "Mukhutdinov, Tigran"]
[Black "Siva Mahadevan"]
[WhiteFideId "34108570"]
[BlackFideId "25043153"]
[WhiteElo "2594"]
[BlackElo "2804"]
[Result "1-0"]
[Round "07"]
[TimeControl "180+1"]
[Date "2021.08.31"]
[WhiteClock "0:00:46"]
[BlackClock "0:00:26"]

1. Nf3 Nf6 2. g3 g6 3. b3 Bg7 4. Bb2 O-O 5. Bg2 d6 6. d4 e5 7. dxe5 Nfd7 8. Nc3 dxe5 9. O-O Nc6 10. Qc1 Re8 11. Rd1 e4 12. Nd2 f5 13. Nc4 Nd4 14. e3 Nf3+ 15. Bxf3 exf3 16. Nd5 c6 17. Nf4 Qe7 18. Bxg7 Qxg7 19. Nd6 Rf8 20. Ne6 Qh6 21. h4 Rf6 22. Ng5 Qg7 23. Nxf3 Nf8 24. Nxc8 Rxc8 25. Qb2 Qe7 26. Qd4 Ne6 27. Qxa7 Nc5 28. b4 Ne4 29. Qd4 Rd6 30. Qc4+ Kg7 31. Rd4 Rcd8 32. Rad1 Kh6 33. Qd3 Rxd4 34. Nxd4 Rf8 35. a3 Qe5 36. Ne2 Qb2 37. f3 Nf6 38. Qc3 Qxc3 39. Nxc3 b5 40. Rd6 Nh5 41. Rxc6 Nxg3 42. Kg2 Nh5 43. Nxb5 Rd8 44. Nd4 Ra8 45. Nxf5# 1-0


[Site "https://www.chess.com"]

[Event "Titled Tuesday Blitz August 31 2021"]
[White "Murzin, Volodar"]
[Black "Chigaev, Maksim"]
[WhiteFideId "44155573"]
[BlackFideId "4108116"]
[WhiteElo "2541"]
[BlackElo "2579"]
[Result "1-0"]
[Round "07"]
[TimeControl "180+1"]
[Date "2021.08.31"]
[WhiteClock "0:00:04"]
[BlackClock "0:00:40"]

1. d4 Nf6 2. Nf3 g6 3. Bg5 Bg7 4. Nbd2 d5 5. c3 O-O 6. e3 c5 7. Bd3 Qb6 8. Qb3 c4 9. Qxb6 axb6 10. Bc2 Bf5 11. Bxf6 Bxf6 12. e4 dxe4 13. Bxe4 Bxe4 14. Nxe4 Nd7 15. Ke2 b5 16. Nfd2 Rfc8 17. a3 Kg7 18. f4 e6 19. Nd6 Rc6 20. Nxb5 Nb6 21. Rhb1 Ra5 22. a4 Nxa4 23. Na3 b5 24. Nxb5 Rca6 25. Nc7 Nxc3+ 26. bxc3 Rxa1 27. Rxa1 Rxa1 28. Ne8+ Kf8 29. Nxf6 Rc1 30. Nfe4 Ke7 31. Nxc4 f5 32. Ng5 h6 33. Nf3 Rxc3 34. Nce5 Rc2+ 35. Kf1 Kf6 36. h4 Ra2 37. Kg1 Re2 38. Kh2 Re4 39. Kg3 Re2 40. Nd7+ Kg7 41. Nfe5 Re3+ 42. Kh2 Re4 43. Nc5 Re2 44. Nxe6+ Kf6 45. d5 Rd2 46. Nc7 g5 47. d6 gxf4 48. Nc4 Rd4 49. Nb6 f3 50. Nbd5+ Ke5 51. d7 f2 52. d8=Q Ke4 53. Qe7+ Kd3 54. Qe3+ Kc4 55. Qc3# 1-0


[Site "https://www.chess.com"]

[Event "Titled Tuesday Blitz August 31 2021"]
[White "Naroditsky, Daniel"]
[Black "Khanin, Semen"]
[WhiteFideId "2026961"]
[BlackFideId "4111990"]
[WhiteElo "2608"]
[BlackElo "2521"]
[Result "1-0"]
[Round "07"]
[TimeControl "180+1"]
[Date "2021.08.31"]
[WhiteClock "0:00:15"]
[BlackClock "0:00:05"]

1. b3 b6 2. Bb2 Bb7 3. Nf3 Nf6 4. e3 g6 5. d4 Bg7 6. Be2 O-O 7. O-O e6 8. c4 c5 9. Nc3 cxd4 10. Nxd4 d5 11. Bf3 e5 12. Nc2 e4 13. Be2 dxc4 14. Bxc4 Nc6 15. Nb5 Na5 16. Be2 Rc8 17. Rc1 Ba6 18. Nb4 Bxb5 19. Bxb5 Qe7 20. Nc2 Rfd8 21. Qe2 Nc6 22. Bxc6 Rxc6 23. Nd4 Rxc1 24. Rxc1 Qd7 25. h3 Rc8 26. Rd1 h5 27. Nb5 Qe6 28. Nxa7 Rc5 29. Nb5 h4 30. Nd4 Qc8 31. Qd2 Nd5 32. Qe1 b5 33. a3 Nc3 34. Rc1 Bxd4 35. exd4 Ne2+ 36. Qxe2 Rxc1+ 37. Bxc1 Qxc1+ 38. Qf1 Qxa3 39. Qxb5 Qa1+ 40. Qf1 Qxd4 41. Qe1 f5 42. Qc1 Kf7 43. Qc7+ Ke6 44. Qc8+ Kf6 45. Qh8+ 1-0


[Site "https://www.chess.com"]

[Event "Titled Tuesday Blitz August 31 2021"]
[White "Nazaretyan, Tigran"]
[Black "Ogloblin, Nikolay"]
[WhiteFideId "24162345"]
[BlackFideId "4139658"]
[WhiteElo "2167"]
[BlackElo "2265"]
[Result "1-0"]
[Round "07"]
[TimeControl "180+1"]
[Date "2021.08.31"]
[WhiteClock "0:00:14"]
[BlackClock "0:00:14"]

1. d4 Nf6 2. c4 e6 3. Nf3 Bb4+ 4. Bd2 a5 5. g3 b6 6. Bg2 Bb7 7. O-O O-O 8. Bf4 Be7 9. Nc3 Ne4 10. Qd3 Nxc3 11. Qxc3 d6 12. Qd3 f5 13. Rfe1 Be4 14. Qc3 Nd7 15. Bf1 Bf6 16. Nd2 e5 17. Nxe4 fxe4 18. Be3 exd4 19. Bxd4 Nc5 20. Bg2 Qe7 21. Rad1 Rae8 22. b3 Bxd4 23. Rxd4 Qf6 24. Qe3 Re5 25. Red1 Rfe8 26. a3 a4 27. b4 Nb3 28. Rxe4 Rxe4 29. Bxe4 Kh8 30. Qf3 Qe5 31. Bc6 Rb8 32. e3 Qb2 33. Bxa4 Qxa3 34. Qc6 Qxb4 35. Qxc7 Rg8 36. Bxb3 Qxb3 37. Rxd6 Qb1+ 38. Kg2 Qe4+ 39. Kh3 Qf5+ 40. Kg2 Qe4+ 41. Kf1 Qb1+ 42. Ke2 Rf8 43. Rd2 Qg6 44. Qd6 Qh5+ 45. Ke1 Qf3 46. h4 Qh1+ 47. Ke2 Qf3+ 48. Ke1 Qh1+ 49. Ke2 Qf3+ 50. Kd3 Qf5+ 51. Kc3 h5 52. Rd5 Qxf2 53. Rxh5+ Kg8 54. Qd5+ Rf7 55. Re5 Qf6 56. Kd3 Qg6+ 57. e4 Qxg3+ 58. Kc2 Qf2+ 59. Kb3 Qf3+ 60. Kb4 Kh7 61. Rh5+ Kg8 62. Rf5 1-0


[Site "https://www.chess.com"]

[Event "Titled Tuesday Blitz August 31 2021"]
[White "Nguyen, Thien Ngan"]
[Black "Gelman, Alexander"]
[WhiteFideId "12414816"]
[BlackFideId "4118316"]
[WhiteElo "1917"]
[BlackElo "2375"]
[Result "0-1"]
[Round "07"]
[TimeControl "180+1"]
[Date "2021.08.31"]
[WhiteClock "0:00:06"]
[BlackClock "0:00:07"]

1. e4 c5 2. Nf3 e6 3. d4 cxd4 4. Nxd4 d6 5. Nc3 a6 6. a4 Nf6 7. Be2 Nbd7 8. Be3 b6 9. O-O Bb7 10. Bd3 Nc5 11. f3 Be7 12. Qe2 h5 13. Qf2 h4 14. b4 Ncd7 15. h3 Nh5 16. f4 Ng3 17. Rfe1 Rc8 18. Nde2 Bf6 19. Ra3 Rg8 20. a5 b5 21. Bxb5 axb5 22. Nxg3 hxg3 23. Qd2 Bxc3 24. Rxc3 Rxc3 25. Qxc3 Qc8 26. Qd3 Qc6 27. Bd4 e5 28. fxe5 dxe5 29. Bb2 f6 30. Rd1 Ke7 31. Rd2 Rd8 32. Qxg3 g5 33. Re2 Nf8 34. h4 Ne6 35. hxg5 Nxg5 36. Qh4 Rd1+ 37. Kh2 Qe6 38. Bxe5 Qxe5+ 39. g3 Bxe4 40. c3 Rh1# 0-1


[Site "https://www.chess.com"]

[Event "Titled Tuesday Blitz August 31 2021"]
[White "Obrien, Matthew"]
[Black "Rustemov, Alexander"]
[WhiteFideId "2059150"]
[BlackFideId "4119002"]
[WhiteElo "2539"]
[BlackElo "2750"]
[Result "0-1"]
[Round "07"]
[TimeControl "180+1"]
[Date "2021.08.31"]
[WhiteClock "0:00:01"]
[BlackClock "0:00:35"]

1. e4 e6 2. d4 d5 3. e5 c5 4. c3 Bd7 5. Nf3 Qb6 6. a3 Bb5 7. Bxb5+ Qxb5 8. b4 cxd4 9. Nxd4 Qd7 10. O-O Ne7 11. f4 Nbc6 12. Be3 Nxd4 13. Bxd4 Nf5 14. Nd2 h5 15. Nb3 b6 16. a4 Be7 17. a5 Rb8 18. axb6 axb6 19. Ra6 Qb5 20. Ra7 g6 21. Qa1 O-O 22. Qa6 Qxa6 23. Rxa6 Rfc8 24. Rxb6 Rxb6 25. Bxb6 Rxc3 26. Nc5 Rc2 27. Rf2 Rc1+ 28. Rf1 Rc4 29. Rb1 Rxf4 30. b5 Rc4 31. Nd7 d4 32. Ba5 Bc5 33. Nxc5 Rxc5 34. b6 Ne7 35. b7 Nc6 36. Bc7 d3 37. b8=Q+ Nxb8 38. Rxb8+ Kg7 39. Bd6 Rc1+ 40. Kf2 d2 41. Be7 g5 0-1


[Site "https://www.chess.com"]